 Dungeon Crawl Stone Soup version 0.28.0-43-g3370ac3207 (webtiles) character file.

Game seed: 442736951873185612

206 Kaptain the Digger (level 5, -2/30 HPs)
             Began as a Gargoyle Earth Elementalist on Mar 17, 2022.
             Slain by Blork the orc
             ... wielding a +0 vorpal battleaxe
              (3 damage)
             ... on level 4 of the Dungeon.
             The game lasted 00:05:24 (3094 turns).

Kaptain the Digger (Gargoyle Earth Elementalist)    Turns: 3094, Time: 00:05:25

Health: -2/30      AC:  7    Str: 11    XL:     5   Next: 84%
Magic:  5/9        EV: 11    Int: 18    God:
Gold:   83         SH:  0    Dex: 10    Spells: 5/9 levels left

rFire   . . .      SeeInvis .   d - +0 flail
rCold   . . .      Faith    .   (no shield)
rNeg    + . .      Spirit   .   f - +0 leather armour
rPois   ∞          Reflect  .   (no helmet)
rElec   +          Harm     .   (no cloak)
rCorr   .          Rampage  .   (no gloves)
Will    .....                   (no boots)
Stlth   ++........              (no amulet)
HPRegen 0.10/turn               (no ring)
MPRegen 0.11/turn               (no ring)

@: no status effects
A: sickness immunity, AC +4, negative energy resistance 1, electricity
resistance, torment resistance 1, petrification resistance
a: no special abilities


You were on level 4 of the Dungeon.
You visited 1 branch of the dungeon, and saw 4 of its levels.

You collected 83 gold pieces.

Inventory:

Hand Weapons
 a - a +0 dagger
 d - a +0 flail (weapon)
Missiles
 c - 145 stones (quivered)
 j - 7 poisoned darts
Armour
 f - a +0 leather armour (worn)
Wands
 l - a wand of flame (21)
Scrolls
 e - 2 scrolls of blinking {unknown}
 k - a scroll of amnesia {unknown}
 n - a scroll of brand weapon {unknown}
 o - a scroll of magic mapping {unknown}
Potions
 b - 2 potions of resistance {unknown}
 g - a potion of flight {unknown}
 h - 3 potions of attraction {unknown}
 i - a potion of curing {unknown}
 m - a potion of berserk rage {unknown}


   Skills:
 * Level 2.3 Fighting
 + Level 1.5 Armour
 + Level 2.0 Dodging
 + Level 2.9 Stealth
 * Level 2.9 Spellcasting
 * Level 2.1 Conjurations
 - Level 0.7 Transmutations
 * Level 4.6 Earth Magic


You had 5 spell levels left.
You knew the following spells:

 Your Spells              Type           Power      Damage    Failure   Level
a - Sandblast             Erth           38%        2d10      3%          1
b - Stone Arrow           Conj/Erth      28%        3d8       16%         3

Your spell library contained the following spells:

 Spells                   Type           Power      Damage    Failure   Level
 Passwall                 Tmut/Erth      10%        N/A       11%         2
 Petrify                  Tmut/Erth      12%        N/A       58%         4


Dungeon Overview and Level Annotations

Branches:
Dungeon (4/15)
 Temple: D:4-7

Altars:

Annotations:
D:4 Blork the orc


Innate Abilities, Weirdness & Mutations

You are immune to sickness and miasma.
Your stone body is resilient. (AC +4)
You are immune to poison.
You resist negative energy. (rN+)
You are resistant to electric shocks. (rElec)
You are resistant to unholy torment.
You are immune to petrification.


Message History

An adder comes into view.
Casting: Sandblast (safe; 3% risk of failure)
Confirm with . or Enter, or press ? or * to list all spells.
Aiming: Sandblast (safe; 3% risk of failure)
Press: ? - help, Shift-Dir - straight line, f/p - Blork the orc
Aim: Blork the orc, wielding a +0 vorpal battleaxe and wearing a +1 robe of cold resistance (lightly wounded, 82% to hit)
The blast of sand hits Blork the orc.
Blork the orc is lightly wounded.
c - 148 stones Blork the orc closely misses you.
Casting: Sandblast (safe; 3% risk of failure)
Confirm with . or Enter, or press ? or * to list all spells.
Aiming: Sandblast (safe; 3% risk of failure)
Press: ? - help, Shift-Dir - straight line, f/p - Blork the orc
Aim: Blork the orc, wielding a +0 vorpal battleaxe and wearing a +1 robe of cold resistance (lightly wounded, 82% to hit)
The blast of sand hits Blork the orc but does no damage.
Blork the orc is lightly wounded.
c - 147 stones
Casting: Sandblast (safe; 3% risk of failure)
Confirm with . or Enter, or press ? or * to list all spells.
Aiming: Sandblast (safe; 3% risk of failure)
Press: ? - help, Shift-Dir - straight line, f/p - Blork the orc
Aim: Blork the orc, wielding a +0 vorpal battleaxe and wearing a +1 robe of cold resistance (lightly wounded, 82% to hit)
The blast of sand hits Blork the orc.
Blork the orc is moderately wounded.
c - 146 stones Blork the orc hits you with a +0 vorpal battleaxe!
You hear a shout!
Casting: Sandblast (safe; 3% risk of failure)
Confirm with . or Enter, or press ? or * to list all spells.
Aiming: Sandblast (safe; 3% risk of failure)
Press: ? - help, Shift-Dir - straight line, f/p - Blork the orc
Aim: Blork the orc, wielding a +0 vorpal battleaxe and wearing a +1 robe of cold resistance (moderately wounded, 82% to hit)
The blast of sand hits Blork the orc!
Blork the orc is heavily wounded.
c - 145 stones Blork the orc hits you with a +0 vorpal battleaxe!
Ouch! That really hurt!
* * * LOW HITPOINT WARNING * * *
You die...

#.## .. .... ...##
##.##..# ... ##..###
#......## ... #....#
#........ #.. . #....#
#......#.##.# .. ###..##
#......#..#.###..
#...###......##........
#.....#......##....#
#.....#.....†@oS..#
#...........(##...#
#............##...##
#............###...#####.#
#..........#####S#.......#
#..........# #.SJ.##......
###.##......#.o.#.## )....
#. #.#......#............
#. .........#.#.#..$.....


You could see Blork the orc and an adder.

Vanquished Creatures
  A centaur (D:3)
  Terence (D:2)
  4 adders
  3 worms
  2 dart slugs (D:1)
  3 ball pythons
  7 bats
  5 endoplasms
  A giant cockroach (D:2)
  4 goblins
  3 hobgoblins
  4 jackals (D:1)
  A kobold (D:2)
  3 quokkas
  2 frilled lizards
  12 rats
56 creatures vanquished.

Notes
Turn   | Place    | Note
-------+----------+-------------------------------------------
     0 | D:1      | Kaptain the Gargoyle Earth Elementalist began the quest for
                  | the Orb.
     0 | D:1      | Reached XP level 1. HP: 10/10 MP: 3/3
   194 | D:1      | Reached XP level 2. HP: 16/16 MP: 1/5
   598 | D:1      | Reached skill level 1 in Fighting
   704 | D:1      | Reached XP level 3. HP: 17/20 MP: 6/6
  1070 | D:1      | Learned a level 3 spell: Stone Arrow
  1108 | D:2      | Found a faded altar of an unknown god.
  1132 | D:2      | Reached skill level 1 in Conjurations
  1319 | D:2      | Noticed Terence
  1335 | D:2      | Killed Terence
  1336 | D:2      | Reached skill level 1 in Armour
  1336 | D:2      | Reached skill level 4 in Earth Magic
  1336 | D:2      | Reached XP level 4. HP: 17/25 MP: 0/7
  2530 | D:3      | Reached XP level 5. HP: 30/30 MP: 6/9
  2571 | D:3      | Noticed a centaur
  2578 | D:3      | Killed a centaur
  3082 | D:4      | Noticed Blork the orc
  3094 | D:4      | HP: 1/30 [Blork the orc/+0 vorpal battleaxe (16)]
  3094 | D:4      | Slain by Blork the orc

Illustrated notes

Levels and vault maps discovered:
D:1:      tarquinn_simple_flora_water_e, layout_loops_ring
D:2:      layout_rooms, nicolae_ecumenical_pavilion, uniq_terence
D:3:      layout_basic
D:4:      layout_rooms, uniq_blork_the_orc

Skill      XL: |  1  2  3  4  5 |
---------------+----------------+-----
Fighting       | 1 2 |  2.3
Conjurations   | 1 2 |  2.1
Armour         | 1 |  1.5
Earth Magic    | 4 |  4.6
Dodging        | 2 |  2.0
Stealth        | |  2.9
Spellcasting   | |  2.9
Transmutations | |  0.7

Action                   |  1- 3 |  4- 6 || total
-------------------------+-------+-------++-------
Melee: Dagger            |    42 |       ||    42
       Flail             |       |    53 ||    53
 Cast: Sandblast         |    33 |    37 ||    70
  Use: Scroll            |     2 |       ||     2
 Stab: Sleeping          |     2 |     2 ||     4
Armor: Robe              |     6 |       ||     6
       Leather armour    |    10 |    24 ||    34
Dodge: Dodged            |    26 |    49 ||    75
